 Dungeon Crawl Stone Soup version 0.20.1-1-g8b1a95d66d (webtiles) character file.

71 Ivernyr the Shooter (level 4, -13/37 HPs)
             Began as a Centaur Hunter on Dec 9, 2017.
             Mangled by an orc warrior
             ... wielding a +0 trident
              (20 damage)
             ... on level 2 of the Dungeon.
             The game lasted 00:05:33 (2841 turns).

Ivernyr the Shooter (Centaur Hunter)                Turns: 2841, Time: 00:05:34

Health: -13/37     AC:  4    Str: 14    XL:     4   Next: 5%
Magic:  4/4        EV:  9    Int: 11    God:
Gold:   119        SH:  0    Dex: 10    Spells: 3/3 levels left

rFire    + . .     SeeInvis .   a - +1 shortbow
rCold    . . .     Gourm    .   (shield currently unavailable)
rNeg     . . .     Faith    .   c - +0 leather armour
rPois    .         Spirit   .   (no helmet)
rElec    .         Reflect  .   (no cloak)
rCorr    .         Harm     .   (no gloves)
MR       .....                  (no barding)
Stlth    +.........             (no amulet)
Regen    0.2/turn               i - ring of protection from fire
MPRegen  0.1/turn               (no ring)

@: very quick
A: hooves 3, deformed body, speed 2, tough skin 3
a: no special abilities


You were on level 2 of the Dungeon.
You were not hungry.

You visited 1 branch of the dungeon, and saw 3 of its levels.

You collected 119 gold pieces.

Inventory:

Hand Weapons
 a - a +1 shortbow (weapon)
Missiles
 d - 14 arrows (quivered)
Armour
 c - a +0 leather armour (worn)
Jewellery
 i - a ring of protection from fire (left hand)
Scrolls
 b - a scroll of fear {unknown}
 h - 3 scrolls of teleportation {unknown}
 k - a scroll of fog {unknown}
 l - a scroll of magic mapping {unknown}
 n - a scroll of immolation {unknown}
Potions
 e - a potion of haste {unknown}
 g - a potion of curing {unknown}
 j - a potion of flight {unknown}
 m - a potion of mutation {unknown}
Comestibles
 f - 3 bread rations


   Skills:
 + Level 2.6 Fighting
 * Level 6.5 Bows
 - Level 1.3 Dodging
 - Level 0.4 Stealth
 + Level 1.7 Unarmed Combat


You had 3 spell levels left.
You didn't know any spells.

Dungeon Overview and Level Annotations

Branches:
Dungeon (3/15)

Altars:
Hepliaklqana

Annotations:
D:3 jesusflecha's ghost, amateur DrFi


Innate Abilities, Weirdness & Mutations

You have hooves in place of feet.
Armour fits poorly on your strangely shaped body.
You cover ground very quickly.
You have extremely tough skin. (AC +3)


Message History

Firing (i - inventory):
d - 17 arrows (quivered)
Press: ? - help, Shift-Dir - straight line, f - hobgoblin
Aim: a hobgoblin, wielding a club You shoot an arrow.
The arrow barely misses the hobgoblin.
The arrow hits the orc warrior.
The orc warrior is lightly wounded.
Firing (i - inventory):
d - 16 arrows (quivered)
Press: ? - help, Shift-Dir - straight line, f/p - hobgoblin
Aim: a hobgoblin, wielding a club You shoot an arrow.
The arrow hits the hobgoblin!
You kill the hobgoblin!
The orc warrior barely misses you.
Firing (i - inventory):
d - 15 arrows (quivered)
Press: ? - help, Shift-Dir - straight line, f - orc warrior
Aim: an orc warrior, wielding a trident and wearing a plate armour (lightly wounded)
You shoot an arrow.
The arrow barely misses the orc warrior.
The orc warrior hits you from afar with a trident!!
Ouch! That really hurt!
You die...

.# #..........# #.. .#
#.....>....# ### ##
#.....[....#
#...o......# ##
#...g......###### #.
#.8g....8.......# #.
#...............######.
#.#######....†<.)......
#(.(o)@.........######.
#########.......# ##
#.......# #(####### #.#
#.# #.# #.### #...#


You could see an orc warrior.

Vanquished Creatures
  An adder (D:2)
  2 worms (D:2)
  2 leopard geckos
  2 orcs (D:2)
  A ball python (D:1)
  6 bats
  3 giant cockroaches
  10 goblins
  6 hobgoblins
  7 frilled lizards
  3 kobolds (D:2)
  7 rats
50 creatures vanquished.

Notes
Turn   | Place    | Note
-------+----------+-------------------------------------------
     0 | D:1      | Ivernyr the Centaur Hunter began the quest for the Orb.
     0 | D:1      | Reached XP level 1. HP: 17/17 MP: 1/1
   374 | D:1      | Reached XP level 2. HP: 24/24 MP: 2/2
   789 | D:1      | Reached skill level 1 in Unarmed Combat
  1041 | D:2      | Reached skill level 6 in Bows
  1521 | D:2      | Reached XP level 3. HP: 30/30 MP: 3/3
  1798 | D:2      | Found a hazy altar of Hepliaklqana.
  2417 | D:3      | Noticed an orc warrior
  2686 | D:3      | Noticed jesusflecha's ghost (amateur DrFi)
  2786 | D:2      | Reached XP level 4. HP: 33/37 MP: 4/4
  2841 | D:2      | Mangled by an orc warrior

Skill      XL: |  1  2 |
---------------+-------+-----
Unarmed Combat | 1 |  1.7
Bows           | 6 |  6.5
Fighting       | |  2.6
Dodging        | |  1.3
Stealth        | |  0.4

Action                   |  1- 3 |  4- 6 || total
-------------------------+-------+-------++-------
Melee: Unarmed           |   228 |     1 ||   229
       Kick              |    38 |       ||    38
 Fire: Shortbow          |       |     6 ||     6
  Eat: Chunk             |     5 |       ||     5
Armor: Leather armour    |    71 |     2 ||    73
Dodge: Dodged            |   105 |     5 ||   110
